 Dungeon Crawl Stone Soup version 0.30-a0-605-gb2882149bf (webtiles) character file.

Game seed: 8276284058117020185

26252 jasper the Martial Artist (level 12, -4/98 HPs)
             Began as a Demonspawn Cinder Acolyte on Jan 7, 2023.
             Was an Initiate of Ignis.
             Slain by a very large slime creature (29 damage)
             ... on level 12 of the Dungeon.
             The game lasted 00:29:18 (12671 turns).

jasper the Martial Artist (DsCA)                   Turns: 12671, Time: 00:29:19

Health: -4/98      AC: 21    Str: 14    XL:     12   Next: 96%
Magic:  13/13      EV: 18    Int: 16    God:    Ignis [......]
Gold:   861        SH:  4    Dex: 14    Spells: 13/13 levels left

rFire   + . .      SeeInvis .      - Unarmed
rCold   . . .      Faith    .    (no shield)
rNeg    . . .      Spirit   .    w - +1 swamp dragon scales
rPois   +          Reflect  .    G - +1 hat
rElec   .          Harm     .    t - +0 cloak
rCorr   .          Rampage  .    p - +2 pair of gloves
Will    +....                    k - +0 pair of boots
Stlth   +                        l - amulet of regeneration
HPRegen 1.16/turn                H - +5 ring of evasion
MPRegen 0.13/turn                O - ring of willpower

@: no status effects
A: hooves 1, horns 1, demonic guardian 1, icemail 1, condensation shield,
weakness stinger 2
a: Renounce Religion, Rising Flame


You were on level 12 of the Dungeon.
You worshipped Ignis.
Ignis was noncommittal.
You visited 2 branches of the dungeon, and saw 15 of its levels.
You also visited: Volcano.

You collected 861 gold pieces.

Inventory:

Hand Weapons
 a - a -1 falchion of flaming
Missiles
 f - 43 stones
 m - 12 poisoned darts
Armour
 b - a +0 robe
 c - a +0 leather armour
 i - a +0 scale mail
 k - a +0 pair of boots (worn)
 n - a +0 ring mail
 p - a +2 pair of gloves (worn)
 t - a +0 cloak (worn)
 v - a +0 ring mail of fire resistance
 w - +1 swamp dragon scales (worn)
 G - a +1 hat (worn)
 I - +0 steam dragon scales
 N - a +0 troll leather armour
Jewellery
 j - a ring of ice
 l - an amulet of regeneration (around neck)
 F - a ring of positive energy
 H - a +5 ring of evasion (left hand)
 O - a ring of willpower (right hand)
Wands
 B - a wand of mindburst (2)
 C - a wand of roots (6)
 K - a wand of digging (1)
Scrolls
 o - 4 scrolls of identify
 s - 4 scrolls of vulnerability
 u - 3 scrolls of butterflies
 y - 4 scrolls of magic mapping
 z - 2 scrolls of fear
 D - 3 scrolls of poison
 E - 4 scrolls of teleportation
 J - 2 scrolls of fog
 P - a scroll of enchant armour
Potions
 d - 3 potions of haste
 e - a potion of brilliance
 g - 3 potions of resistance
 h - 2 potions of magic
 q - a potion of attraction
 r - 2 potions of flight
 x - a potion of curing
 A - 2 potions of mutation
 M - 2 potions of berserk rage


   Skills:
 + Level 10.5 Fighting
 - Level 3.2 Long Blades
 - Level 8.0 Armour
 - Level 7.2 Dodging
 + Level 13.3 Unarmed Combat
 - Level 1.0 Spellcasting
 - Level 2.6 Fire Magic
 - Level 6.1 Evocations


You had 13 spell levels left.
You didn't know any spells.
Your spell library contained the following spells:

 Spells                   Type           Power      Damage    Failure   Level
 Scorch                   Fire           18%        2d5       21%         2
 Kiss of Death            Conj/Necr      0%         2d5       38%         1
 Summon Small Mammal      Summ           0%         N/A       38%         1
 Call Canine Familiar     Summ           0%         N/A       77%         3
 Confusing Touch          Hex            0%         N/A       77%         3
 Hailstorm                Conj/Ice       0%         3d3       77%         3
 Summon Guardian Golem    Hex/Summ       0%         N/A       77%         3
 Tukima's Dance           Hex            0%         N/A       77%         3
 Flame Wave               Conj/Fire      5%         2d5       93%         4
 Dispel Undead            Necr           0%         3d6       99%         4
 Ice Form                 Ice/Tmut       0%         N/A       99%         4
 Passage of Golubria      Tloc           0%         N/A       99%         4
 Yara's Violent Unravell  Hex/Tmut       0%         3d3       100%        5
 Simulacrum               Ice/Necr       0%         N/A       100%        6
 Summon Cactus Giant      Summ           0%         N/A       100%        6


Dungeon Overview and Level Annotations

Branches:
Dungeon (12/15)              Lair (3/5) D:10          Swamp (0/4) Lair:2
  Snake (0/4) Lair:3          Orc (0/2) D:9         Volcano (visited)
 Temple: D:4-7

Altars:
Ashenzari
Dithmenos
Gozag
Kikubaaqudgha
Makhleb
Sif Muna
Xom
Yredelemnul

Shops:
D:7 (

Annotations:
D:5 Ijyb
D:7 1 runed translucent door, Crazy Yiuf


Innate Abilities, Weirdness & Mutations

You have large cloven feet.
You have a pair of small horns on your head.
A weak demonic guardian rushes to your aid.
A meltable icy envelope protects you from harm. (AC +4)
A meltable shield of frost defends you. (SH +4)
You have a tail ending in a sharp stinger.


Message History

The very large slime creature barely misses you.
Health restored: 98 The very large slime creature attacks as you move away!
The very large slime creature hits you!
You take 8 damage, and have 90/98 hp.
The very large slime creature attacks as you move away!
You block the very large slime creature's attack.
Two slime creatures merge to form a very large slime creature.
The very large slime creature attacks as you move away!
The very large slime creature hits you but does no damage.
You regained 2 hp, and now have 96/98 hp.
Health restored: 98 The very large slime creature completely misses you.
The very large slime creature attacks as you move away!
The very large slime creature hits you.
You take 1 damage, and have 97/98 hp.
Health restored: 98 The very large slime creature attacks as you move away!
The very large slime creature misses you.
The very large slime creature attacks as you move away!
You block the very large slime creature's attack.
The very large slime creature attacks as you move away!
The very large slime creature hits you!!
You take 31 damage, and have 67/98 hp.
MASSIVE DAMAGE!!
The very large slime creature attacks as you move away!
The very large slime creature hits you!!!
Ouch! That really hurt!
* * * LOW HITPOINT WARNING * * *
You take 53 damage, and have 15/98 hp.
MASSIVE DAMAGE!!
The very large slime creature attacks as you move away!
The very large slime creature closely misses you.
You regained 2 hp, and now have 17/98 hp.
The very large slime creature attacks as you move away!
You block the very large slime creature's attack.
The very large slime creature attacks as you move away!
The very large slime creature completely misses you.
You regained 2 hp, and now have 24/98 hp.
The very large slime creature attacks as you move away!
The very large slime creature hits you!!
You die...

#.##.#....#
#.............
#.#..#....#
#.############
#..)......# #..#
#)).......# ##.#
#...J.....# #.##
#.#J##....# #..###
#.#.##....# ##...#
#J#.##....########.####
#J#....J.J@........<..#
#.##############..)...#
#........# #......#
########.# #......# #J#
#......# ###.####
####'### #......# #..
#......# ###. #......#


You could see a very large slime creature and 2 slime creatures.

Vanquished Creatures
  A catoblepas (Lair:2)
  A centaur warrior (D:11)
  4 two-headed ogres
  A boulder beetle (D:12)
  A wizard (D:9)
  2 cyclopes
  3 manticores
  A spectral boulder beetle (Lair:2)
  An ugly thing (D:12)
  5 black mambas
  Maggie (D:6)
  3 cane toads
  A freezing wraith (D:12)
  3 komodo dragons
  A kobold demonologist (D:9)
  3 rime drakes
  5 trolls
  Prince Ribbit (D:5)
  A spectral black mamba (Lair:2)
  5 slime creatures
  5 wyverns
  2 wraiths
  22 yaks
  4 steam dragons
  2 acid dragons
  2 nagas (Lair:3)
  14 water moccasins
  A spectral yak (Lair:2)
  9 orc warriors
  2 ice beasts
  A spectral blink frog (Lair:2)
  2 ogres
  7 centaurs
  5 wolves (Lair:2)
  3 lemures (D:7)
  11 bullfrogs
  3 gnoll sergeants
  4 scorpions
  4 wights (D:10)
  9 killer bees (D:9)
  A vampire bat (D:6)
  7 howler monkeys
  3 jellies
  A hound (D:4)
  7 orc priests
  3 iguanas
  7 orc wizards
  15 gnolls
  4 adders
  A shadow imp (D:6)
  A white imp (D:5)
  2 worms
  43 orcs
  7 ball pythons
  4 bat skeletons (D:6)
  A bat zombie (D:6)
  6 endoplasms (D:1)
  2 giant cockroaches
  9 goblins
  5 hobgoblins
  7 jackals
  7 kobolds
  2 quokkas
  4 bats
  A frilled lizard (D:1)
  4 rats
310 creatures vanquished.

Vanquished Creatures (collateral kills)
  A yak (D:8)
  A basilisk (Lair:2)
  An orc (D:9)
3 creatures vanquished.

Vanquished Creatures (others)
  128 foxfires
  20 fungi
  10 plants
158 creatures vanquished.

Grand Total: 471 creatures vanquished

Notes
Turn   | Place    | Note
-------+----------+-------------------------------------------
     0 | D:1      | jasper the Demonspawn Cinder Acolyte began the quest for
                  | the Orb.
     0 | D:1      | Reached XP level 1. HP: 18/18 MP: 2/2
   262 | D:1      | Discovered your monstrous ancestry.
   262 | D:1      | Gained mutation: You have a small tail. [demonic ancestry]
   262 | D:1      | Reached XP level 2. HP: 24/24 MP: 3/3
   486 | D:1      | Reached skill level 1 in Unarmed Combat
   638 | D:1      | Gained mutation: You have a tail ending in a sharp stinger.
                  | [demonic ancestry]
   638 | D:1      | Reached XP level 3. HP: 18/29 MP: 4/4
  1011 | D:2      | Reached skill level 2 in Unarmed Combat
  1441 | D:3      | Reached XP level 4. HP: 29/35 MP: 5/5
  1451 | D:3      | Reached skill level 3 in Unarmed Combat
  1659 | D:3      | Identified the +11 whip of Lust {freeze, Fragile rElec
                  | Int+7}
  2230 | D:4      | Found a basalt altar of Yredelemnul.
  2290 | D:4      | Gained mutation: You have large cloven feet. [demonic
                  | ancestry]
  2290 | D:4      | Reached XP level 5. HP: 41/41 MP: 6/6
  2291 | D:4      | Found a shadowy altar of Dithmenos.
  2306 | D:4      | Reached skill level 4 in Unarmed Combat
  2509 | D:4      | Gained mutation: A weak demonic guardian rushes to your
                  | aid. [demonic ancestry]
  2509 | D:4      | Reached XP level 6. HP: 45/48 MP: 7/7
  2825 | D:5      | Entered Level 5 of the Dungeon
  2935 | D:5      | Reached skill level 5 in Unarmed Combat
  3060 | D:5      | Noticed Prince Ribbit
  3073 | D:5      | Gained mutation: You have a pair of small horns on your
                  | head. [demonic ancestry]
  3073 | D:5      | Reached XP level 7. HP: 21/55 MP: 8/8
  3073 | D:5      | Killed Prince Ribbit
  3074 | D:5      | Reached skill level 5 in Fighting
  3074 | D:5      | Reached skill level 6 in Unarmed Combat
  3278 | D:5      | Noticed Ijyb
  3726 | D:6      | Reached skill level 1 in Armour
  3726 | D:6      | Reached skill level 7 in Unarmed Combat
  3726 | D:6      | Gained mutation: A meltable shield of frost defends you.
                  | (SH +4) [demonic ancestry]
  3726 | D:6      | Reached XP level 8. HP: 18/63 MP: 9/9
  4229 | D:6      | Noticed Maggie
  4242 | D:6      | Killed Maggie
  4243 | D:6      | Reached skill level 8 in Unarmed Combat
  4344 | D:6      | Reached XP level 9. HP: 71/71 MP: 10/10
  4651 | D:6      | Found an ancient bone altar of Kikubaaqudgha.
  4774 | D:7      | Reached skill level 1 in Dodging
  4816 | D:7      | Found Jirph's Antique Weapon Boutique.
  4841 | D:7      | Found a runed translucent door.
  4842 | D:7      | Noticed Crazy Yiuf
  5410 | D:8      | Noticed a two-headed ogre
  5427 | D:8      | Killed a two-headed ogre
  5428 | D:8      | Reached skill level 9 in Unarmed Combat
  5481 | D:8      | Reached XP level 10. HP: 55/79 MP: 11/11
  5500 | D:8      | Reached skill level 5 in Armour
  5609 | D:8      | Found a broken altar of Ashenzari.
  5877 | D:8      | Found a burning altar of Makhleb.
  5982 | D:8      | Found a shimmering altar of Xom.
  5988 | D:8      | Found a shimmering altar of Xom.
  5988 | D:8      | Found a shimmering altar of Xom.
  6096 | D:8      | Found a shimmering altar of Xom.
  6096 | D:8      | Found a shimmering altar of Xom.
  6097 | D:8      | Found a shimmering altar of Xom.
  6097 | D:8      | Found a shimmering altar of Xom.
  6224 | D:9      | Noticed a manticore
  6246 | D:9      | Killed a manticore
  6247 | D:9      | Reached skill level 10 in Unarmed Combat
  6294 | D:9      | Noticed a wizard
  6324 | D:9      | Killed a wizard
  6707 | D:9      | Noticed a two-headed ogre
  6736 | D:9      | Found a staircase to the Orcish Mines.
  6755 | D:9      | Killed a two-headed ogre
  6756 | D:9      | Reached skill level 11 in Unarmed Combat
  6756 | D:9      | Reached XP level 11. HP: 62/87 MP: 12/12
  6859 | D:9      | Reached skill level 5 in Dodging
  6989 | D:9      | Found an opulent altar of Gozag.
  7562 | D:10     | Entered Level 10 of the Dungeon
  7729 | D:10     | Found a shimmering blue altar of Sif Muna.
  7915 | D:10     | Found a staircase to the Lair.
  8342 | Lair:1   | Entered Level 1 of the Lair of Beasts
  8383 | Lair:1   | Found a dark tunnel.
  8398 | Volcano  | Entered a volcano
  8446 | Volcano  | Noticed a lindwurm
  8690 | Lair:1   | HP: 4/89 [black mamba (9)]
  8698 | Lair:1   | Reached skill level 12 in Unarmed Combat
  9595 | Lair:2   | Gained mutation: A meltable icy envelope protects you from
                  | harm. (AC +4) [demonic ancestry]
  9595 | Lair:2   | Reached XP level 12. HP: 71/95 MP: 13/13
  9682 | Lair:2   | Found a staircase to the Swamp.
  9682 | Lair:2   | Noticed a ghost crab
 10227 | Lair:3   | Reached skill level 10 in Fighting
 10283 | Lair:3   | Noticed a catoblepas
 10398 | Lair:2   | Killed a catoblepas
 10436 | Lair:3   | Found a staircase to the Snake Pit.
 10519 | Lair:3   | Reached skill level 13 in Unarmed Combat
 10629 | Lair:3   | Noticed a six-headed hydra
 10678 | Lair:3   | Noticed a catoblepas
 10908 | D:11     | Noticed a two-headed ogre
 10915 | D:11     | Killed a two-headed ogre
 11252 | D:11     | Noticed a centaur warrior
 11265 | D:11     | Killed a centaur warrior
 11517 | D:11     | Noticed a two-headed ogre
 11533 | D:11     | Killed a two-headed ogre
 11935 | D:12     | Reached skill level 5 in Evocations
 12010 | D:12     | Noticed a boulder beetle
 12029 | D:12     | Killed a boulder beetle
 12671 | D:12     | Slain by a very large slime creature

Illustrated notes

Levels and vault maps discovered:
D:1:      nicolae_arrival_memento_mori, layout_loops_ring
D:2:      layout_basic, chequers_serial_rivers_micro_a, grunt_ministairs_2
D:3:      layout_basic
D:4:      layout_rooms, yredelemnul_altar_generic, kennysheep_mini_moat
D:5:      layout_loops_ring, nicolae_overflow_hidden_temple, serial_aquarium,
          aquarium_bridge_square [aquarium_subvault_wall,
          aquarium_subvault_window, aquarium_subvault_bridge,
          aquarium_subvault_bridge], aquarium_bridge_straight
          [aquarium_subvault_bridge, aquarium_subvault_wall,
          aquarium_subvault_bridge, aquarium_subvault_balcony],
          aquarium_window_fake, aquarium_window_fake, aquarium_view_2d,
          uniq_ijyb, uniq_prince_ribbit1
D:6:      layout_basic, kennysheep_vampire_church, uniq_maggie
D:7:      layout_basic, minmay_temple_entry_grid, serial_shops, shop,
          kennysheep_nub, chequers_avenue, uniq_crazy_yiuf_cottage,
          uniq_menkaure, uniq_pikel
D:8:      layout_basic, mainiacjoe_overflow_tiny_flanked,
          mainiacjoe_overflow_alcove_4, xom_shifter_show, minmay_between
D:9:      hangedman_cross_stitches, layout_loops_corners,
          pdpol_temple_overflow_zin_treasury_gozag_greed, erik_orc_2
D:10:     layout_loops_ring, overflow_temple_1_default, lair_entry_dummy
D:11:     layout_loops_corners, serial_glass, glass_columns_b, glass_columns_a,
          glass_columns_c, glass_columns_c, glass_columns_b, glass_columns_c,
          glass_columns_c, glass_columns_a, glass_columns_b, glass_columns_a,
          due_unseen_surprise, item_on_display_a
D:12:     layout_basic
Lair:1:   layout_long_grid, serial_rivers, chequers_serial_rivers_large_b,
          chequers_serial_rivers_micro_c, chequers_serial_rivers_room_a,
          chequers_serial_rivers_room_a, chequers_serial_rivers_room_b,
          nicolae_volcano_entry_lava_flow, serial_bayou_pond_c,
          fungi_pond_lemuel, lemuel_fruit_fields
Lair:2:   layout_roguey, nicolae_swamp_entry_spooky
Lair:3:   layout_regular_city, guppyfry_snake_entry_garden,
          infiniplex_staircase_pool_2

Skill      XL: |  1  2  3  4  5  6  7  8  9 10 11 12 |
---------------+-------------------------------------+-----
Long Blades    | 3 |  3.2
Unarmed Combat | 1 2 3 4 5 7 8 9 11 12 13 | 13.3
Fighting       | 4 5 6 7 8 9 10 | 10.5
Armour         | 1 3 4 6 7 8 |  8.0
Dodging        | 3 4 6 7 |  7.2
Evocations     | 6 |  6.1
Spellcasting   | |  1.0
Fire Magic     | |  2.6

Action                   |  1- 3 |  4- 6 |  7- 9 | 10-12 || total
-------------------------+-------+-------+-------+-------++-------
Melee: Falchion          |   119 |     2 |       |       ||   121
       Punch             |     1 |     1 |    11 |    75 ||    88
       Tailslap          |     8 |     5 |    29 |   163 ||   205
       Whip              |       |    43 |   202 |   339 ||   584
       Unarmed           |       |     2 |       |   491 ||   493
       Headbutt          |       |       |    32 |   195 ||   227
Throw: Stone             |    29 |    16 |     6 |       ||    51
       Dart              |       |       |       |    13 ||    13
Invok: Foxfire Swarm     |     1 |     3 |     5 |       ||     9
Evoke: Wand              |       |       |       |    18 ||    18
  Use: Scroll            |       |    11 |     2 |    12 ||    25
       Potion            |       |       |       |     3 ||     3
 Stab: Paralysed         |       |       |       |     7 ||     7
       Petrified         |       |       |       |     3 ||     3
Armor: Robe              |    13 |       |       |       ||    13
       Leather armour    |    13 |     2 |       |       ||    15
       Ring mail         |       |    18 |    37 |       ||    55
       Swamp dragon scal |       |       |    50 |   305 ||   355
Dodge: Dodged            |    76 |    26 |    99 |   575 ||   776
Block: Other             |       |       |    29 |   135 ||   164

Table legend: (Time is in decaauts)
 A = Elapsed time spent in this place.
 B = Non-inter-level travel time spent in this place.
 C = Inter-level travel time spent in this place.
 D = Time resting spent in this place.
 E = Time spent auto-exploring this place.
 F = Levels seen in this place.
 G = Mean time per level.
                   A        B        C        D        E       F      G
               +--------+--------+--------+--------+--------+-----+--------+
         Total |  12682 |  12029 |    653 |   1024 |   7665 |  16 |  792.6 |
       Dungeon |  10226 |   9723 |    503 |    745 |   6426 |  12 |  852.2 |
          Lair |   2380 |   2231 |    149 |    271 |   1217 |   3 |  793.3 |
       Volcano |     75 |     75 |      0 |      8 |     22 |   1 |   75.0 |
               +--------+--------+--------+--------+--------+-----+--------+

Top non-repeatable levels by time:
     D:9: 1366 daAuts
     D:6: 1112 daAuts
  Lair:1: 1064 daAuts
     D:1: 1035 daAuts
     D:8: 983 daAuts
     D:3: 921 daAuts
  Lair:2: 909 daAuts
    D:11: 908 daAuts
    D:12: 871 daAuts
    D:10: 801 daAuts
     D:4: 731 daAuts
     D:2: 591 daAuts
     D:5: 460 daAuts
     D:7: 443 daAuts
  Lair:3: 406 daAuts
